Map: Lightshade LE

Players

Trap - Winner!

  • Race: Protoss Protoss
  • League: Master
  • Spawn Location: 5:00

LiquidClem (Clem)

  • Race: Terran Terran
  • Spawn Location: 11:00

VOD

Have the link to the VOD?

Description

Time

  • Played on: Jan. 17, 2021, 9:50 a.m.
  • Length: 10:34
Show
View Real Time Build Order
Export as new Build Order

Trap Protoss - Winner!

Build Orders: 1 Gate Expand, Oracle Opening, Phoenix Opening 

Get SALT Encoding   

  12  0:00  Probe  
  13  0:12  Probe  
  14  0:18  Pylon  
  14  0:24  Probe (Chrono Boost)  
  15  0:36  Probe (Chrono Boost)  
  15  0:38  Gateway  
  16  0:45  Probe (Chrono Boost)  
  17  0:51  Assimilator, Probe  
  18  1:03  Probe  
  19  1:15  Probe  
  20  1:25  Cybernetics Core  
  20  1:33  Nexus  
  20  1:41  Pylon  
  20  1:43  Probe  
  21  1:48  Assimilator  
  21  1:55  Probe  
  21  1:58  Adept (Chrono Boost)  
  24  2:05  Shield Battery  
  24  2:09  Probe  
  25  2:18  Adept (Chrono Boost)  
  25  2:21  Probe  
  28  2:30  Stargate  
  28  2:33  Warp Gate  
  29  2:37  Probe  
  29  2:43  Adept  
  31  2:47  Probe (Chrono Boost)  
  33  2:54  Probe (Chrono Boost)  
  33  2:58  Probe (Chrono Boost)  
  34  3:03  Probe x2 (Chrono Boost)  
  36  3:13  Adept, Probe  
  36  3:14  Probe  
  38  3:20  Oracle (Chrono Boost)  
  38  3:25  Probe  
  38  3:26  Probe  
  41  3:32  Pylon  
  41  3:37  Probe  
  41  3:38  Probe  
  43  3:49  Gateway, Probe  
  43  3:50  Phoenix (Chrono Boost)  
  43  3:53  Gateway  
  43  3:54  Probe  
  47  4:00  Pylon  
  47  4:02  Probe  
  48  4:06  Probe  
  48  4:07  Phoenix (Chrono Boost)  
  48  4:21  Probe x2  
  46  4:30  Phoenix (Chrono Boost)  
  48  4:33  Probe  
  48  4:34  Probe  
  50  4:43  Adept x2  
  54  4:47  Adept, Probe x2  
  54  4:52  Phoenix (Chrono Boost)  
  58  4:53  Pylon  
  58  4:54  Pylon  
  60  5:00  Probe x2  
  62  5:12  Adept x3  
  62  5:13  Phoenix (Chrono Boost)  
  70  5:19  Pylon  
  70  5:33  Adept x3  
  72  5:41  Pylon x2  
  70  5:53  Pylon  
  70  5:58  Phoenix, Nexus  
  70  5:59  Probe x2  
  70  6:02  Pylon  
  74  6:05  Assimilator  
  74  6:09  Assimilator  
  72  6:18  Probe x2  
  64  6:26  Twilight Council  
  64  6:27  Forge  
  64  6:30  Probe  
  64  6:31  Probe  
  64  6:37  Gateway  
  64  6:39  Gateway  
  64  6:40  Gateway  
  64  6:43  Gateway  
  64  6:46  Probe x2  
  66  6:52  Phoenix  
  68  6:57  Resonating Glaives (Chrono Boost)  
  68  6:58  Adept x2  
  68  7:00  Adept  
  74  7:07  Shield Battery  
  74  7:13  Gateway  
  74  7:17  Gateway  
  74  7:22  Protoss Ground Weapons Level 1 (Chrono Boost)  
  74  7:24  Adept x2  
  74  7:25  Sentry  
  74  7:28  Probe x2  
  82  7:33  Probe  
  82  7:36  Sentry x2  
  87  7:42  Probe x2 (Chrono Boost)  
  89  7:45  Pylon, Probe (Chrono Boost)  
  90  7:51  Shield Battery  
  90  7:56  Probe (Chrono Boost)  
  90  7:57  Probe x2 (Chrono Boost)  
  93  8:01  Probe (Chrono Boost)  
  93  8:04  Probe x2  
  96  8:08  Charge (Chrono Boost), Adept x4  
  104  8:13  Sentry  
  104  8:14  Sentry, Adept  
  104  8:18  Pylon  
  104  8:19  Pylon  
  110  8:20  Pylon  
  110  8:28  Adept x3  
  113  8:38  Adept  
  113  8:39  Adept x3  
  113  8:49  Templar Archives  
  109  8:55  Zealot x3  
  109  8:58  Gateway  
  109  9:02  Gateway  
  115  9:04  Zealot x3  
  115  9:06  Zealot  
  123  9:18  Zealot x2  
  123  9:19  Zealot  
  129  9:24  Assimilator  
  129  9:26  Assimilator, Pylon  
  129  9:30  Pylon  
  129  9:34  Zealot, High Templar x2  
  129  9:35  Zealot  
  137  9:40  Archon  
  137  9:43  Nexus  
  137  9:49  Forge  
  137  9:55  High Templar x2  
  137  9:56  Zealot x3  
  147  10:00  Archon  
  147  10:04  Zealot x4  
  155  10:11  Zealot x3  
  127  10:28  Adept x2  
  127  10:29  Adept x5  
Show
View Real Time Build Order
Export as new Build Order

LiquidClem Terran 

Build Orders:  

Get SALT Encoding   

  12  0:00  SCV  
  13  0:12  SCV  
  14  0:18  Supply Depot  
  14  0:24  SCV  
  15  0:39  SCV  
  15  0:40  Barracks  
  16  0:44  Refinery  
  16  0:51  SCV  
  17  1:04  SCV  
  18  1:16  SCV  
  19  1:27  Marine  
  19  1:28  Orbital Command  
  20  1:45  Command Center  
  20  1:53  Factory  
  20  1:56  SCV  
  21  2:02  Barracks Reactor  
  22  2:08  SCV  
  22  2:10  Supply Depot  
  22  2:20  SCV  
  23  2:23  Refinery  
  23  2:32  SCV  
  24  2:43  Starport  
  24  2:44  SCV  
  24  2:47  Hellion x2  
  24  2:50  Marine  
  29  2:56  SCV  
  30  3:11  Hellion  
  31  3:15  SCV  
  31  3:19  Barracks Tech Lab  
  31  3:23  Hellion  
  31  3:24  Orbital Command  
  31  3:26  Medivac  
  33  3:27  SCV  
  34  3:39  SCV  
  35  3:42  Supply Depot  
  35  3:48  Marine x2  
  37  3:50  SCV  
  37  3:51  SCV  
  37  3:52  Cyclone  
  42  4:02  SCV  
  43  4:03  SCV  
  43  4:06  Marine x2  
  43  4:08  Supply Depot  
  46  4:14  SCV  
  46  4:15  SCV  
  48  4:24  Marine x2  
  48  4:26  SCV  
  48  4:28  SCV  
  48  4:29  Cyclone  
  53  4:35  Barracks  
  53  4:36  Barracks  
  53  4:38  SCV  
  54  4:40  SCV  
  54  4:42  Marine  
  54  4:43  Supply Depot, Marine  
  53  4:50  SCV  
  53  4:52  Engineering Bay, SCV  
  55  4:55  Refinery  
  55  5:02  SCV, Marine x2  
  55  5:04  SCV  
  59  5:07  Supply Depot  
  59  5:12  Factory Tech Lab  
  59  5:14  SCV  
  59  5:16  SCV  
  59  5:19  Refinery  
  59  5:20  Marine x2  
  59  5:21  Terran Infantry Weapons Level 1  
  63  5:24  Marine x2  
  63  5:26  SCV  
  63  5:28  SCV  
  59  5:38  Marine x2  
  59  5:39  SCV  
  59  5:40  SCV  
  63  5:47  Marine x2  
  57  5:51  SCV  
  57  5:52  SCV  
  57  5:54  Cyclone  
  57  5:56  Marine  
  57  5:58  Bunker  
  57  6:00  Missile Turret, Marine  
  57  6:03  SCV  
  56  6:06  SCV  
  56  6:07  Marine x2  
  59  6:14  Marine  
  59  6:15  SCV  
  59  6:17  Marine  
  59  6:18  SCV  
  57  6:25  Marine  
  49  6:27  SCV  
  49  6:30  SCV  
  47  6:35  Stimpack, Siege Tank, Marine  
  47  6:39  SCV, Marine x2  
  53  6:42  Starport Reactor, SCV  
  53  6:46  Barracks  
  55  6:47  Marine  
  55  6:48  Barracks  
  55  6:51  SCV  
  55  6:53  Marine  
  56  6:54  SCV  
  56  6:57  Marine x2  
  57  7:03  Missile Turret, SCV  
  57  7:05  Marine  
  57  7:06  SCV  
  60  7:10  Siege Tank, Marine  
  60  7:15  SCV, Marine x2  
  65  7:17  Supply Depot  
  65  7:20  Medivac  
  69  7:23  Medivac, Marine  
  69  7:28  Terran Infantry Armor Level 1, SCV, Marine  
  69  7:29  SCV  
  75  7:33  Marine  
  75  7:34  Marine x2  
  75  7:35  Supply Depot  
  78  7:39  Barracks Tech Lab  
  78  7:41  Supply Depot  
  78  7:42  Supply Depot  
  78  7:43  Marine  
  79  7:51  Marine  
  80  7:52  Marine  
  80  7:53  Siege Tank  
  82  7:59  Supply Depot, Marine x3  
  82  8:00  Combat Shield  
  82  8:05  Marine  
  85  8:08  Marine  
  85  8:10  SCV x2  
  89  8:14  Liberator  
  89  8:17  Liberator  
  89  8:18  Marine x3  
  89  8:19  Marine  
  98  8:24  Supply Depot  
  98  8:25  Marine  
  98  8:26  Marine  
  101  8:32  Siege Tank  
  104  8:38  Marine x2  
  104  8:39  Marine  
  101  8:42  Marine  
  101  8:43  Marine  
  101  8:45  SCV x2  
  98  8:51  Marine  
  97  8:56  Marine  
  97  8:57  SCV x2  
  97  8:59  Marine x2  
  102  9:03  Marine  
  102  9:04  Marine  
  102  9:09  Marine  
  105  9:10  Siege Tank  
  105  9:15  Supply Depot, Marine  
  108  9:23  Medivac x2, Marine  
  113  9:26  Marine  
  113  9:27  Marine x2  
  113  9:29  Marine  
  117  9:34  Marine  
  117  9:35  Supply Depot  
  118  9:41  Marine  
  118  9:43  Marine  
  118  9:45  Supply Depot  
  119  9:46  Siege Tank  
  119  9:48  Marine x2  
  119  9:51  Marine  
  119  9:52  Marine  
  126  9:58  Medivac x2  
  130  10:00  Marine  
  130  10:01  Marine  
  130  10:05  Supply Depot  
  130  10:06  Marine x2  
  134  10:11  Marine x2  
Tags
 
Add a new tag
Caveats
  • Supply blocks, unpowered buildings, or Contaminate may cause inaccurate times.
  • Supply counts are checked every 10 seconds.